 Dungeon Crawl Stone Soup version 0.31-a0-845-g9abc20d24f (webtiles) character file.

Game seed: 8020459574437502781

16 arglypuff the Stinger (level 2, -1/21 HPs)
             Began as a Djinni Hedge Wizard on Oct 1, 2023.
             Slain by an endoplasm (2 damage)
             ... on level 2 of the Dungeon.
             The game lasted 00:01:19 (923 turns).

arglypuff the Stinger (Djinni Hedge Wizard)          Turns: 923, Time: 00:01:20

Health: -1/21      AC:  2    Str:  9    XL:     2   Next: 70%
Gold:   67         EV: 12    Int: 15    God:
                   SH:  0    Dex: 12

rFire   + + .        a - +0 dagger
rCold   x . .        (no shield)
rNeg    . . .        b - +0 robe
rPois   ∞            c - +0 hat
rElec   .            (no cloak)
rCorr   .            (no gloves)
SInv    .            (boots unavailable)
Will    .....        (no amulet)
Stlth   ++           (no ring)
HPRegen 0.23/turn    (no ring)
MPRegen 0.00/turn

%: infuse magic (-2 HP)
@: flying, very slightly contaminated
A: sickness immunity, fire resistance 2, cold vulnerability 1, float, innate
caster, HP casting, extra vitality 1
a: no special abilities


You were on level 2 of the Dungeon.
You visited 1 branch of the dungeon, and saw 2 of its levels.

You collected 67 gold pieces.

Inventory:

Hand Weapons
 a - a +0 dagger (weapon)
Armour
 b - a +0 robe (worn)
 c - a +0 hat (worn)
Scrolls
 d - a scroll of revelation {unknown}
 e - a scroll of enchant weapon {unknown}
 g - a scroll of noise {unknown}
 h - a scroll of identify {unknown}
Potions
 f - a potion of magic {unknown}


   Skills:
 + Level 2.8 Dodging
 + Level 2.1 Stealth
 + Level 2.9 Spellcasting
 + Level 2.9 Conjurations
 + Level 2.9 Hexes
 + Level 2.9 Summonings
 + Level 2.9 Necromancy
 + Level 2.9 Translocations
 + Level 2.9 Transmutations
 + Level 2.9 Fire Magic
 + Level 2.9 Ice Magic
 + Level 2.9 Air Magic
 + Level 2.9 Earth Magic
 + Level 2.9 Poison Magic


You knew the following spells:

 Your Spells              Type           Power      Damage    Failure   Level
a - Magic Dart            Conj           40%        1d5       6%          1
b - Slow                  Hex            40%        N/A       6%          1
c - Blink                 Tloc           20%        N/A       10%         2
d - Call Imp              Summ           20%        N/A       10%         2
e - Mephitic Cloud        Conj/Pois/Air  10%        N/A       19%         3
Your spell library was empty.

Dungeon Overview and Level Annotations

Branches:
Dungeon (2/15)

Altars:


Innate Abilities, Weirdness & Mutations

You are immune to sickness and miasma.
You are immune to poison.
Your flesh is very heat resistant. (rF++)
You are vulnerable to cold. (rC-)
You float through the air rather than walking.
You learn spells naturally, not from books.
Your magical power is your life essence.
You have superior vitality. (+4 MHP)


Message History

The magic dart hits the hobgoblin but does no damage.
The hobgoblin is almost dead.
The hobgoblin hits you.
The magic dart hits the hobgoblin.
You kill the hobgoblin!
The endoplasm hits you.
You are too injured to fight recklessly!
You are too injured to fight recklessly!
You are too injured to fight recklessly!
You are too injured to fight recklessly!
You are too injured to fight recklessly!
Casting: Magic Dart (safe; 6% risk of failure)
Confirm with . or Enter, or press ? or * to list all spells.
Aiming: Magic Dart (safe; 6% risk of failure)
Press: ? - help, Shift-Dir - straight line, f - endoplasm
Aim: an endoplasm (100% to hit)
The magic dart hits the endoplasm.
The endoplasm is moderately wounded.
The endoplasm freezes you.
You are frozen!
You feel a terrible chill!
* * * LOW HITPOINT WARNING * * *
Casting: Magic Dart (safe; 6% risk of failure)
Confirm with . or Enter, or press ? or * to list all spells.
Aiming: Magic Dart (safe; 6% risk of failure)
Press: ? - help, Shift-Dir - straight line, f/p - endoplasm
Aim: an endoplasm (moderately wounded, 100% to hit)
The magic dart hits the endoplasm.
The endoplasm is heavily wounded.
* * * LOW HITPOINT WARNING * * *
The endoplasm hits you but does no damage.
Casting: Magic Dart (safe; 6% risk of failure)
Confirm with . or Enter, or press ? or * to list all spells.
Aiming: Magic Dart (safe; 6% risk of failure)
Press: ? - help, Shift-Dir - straight line, f/p - endoplasm
Aim: an endoplasm (heavily wounded, 100% to hit)
The magic dart hits the endoplasm but does no damage.
The endoplasm is heavily wounded.
* * * LOW HITPOINT WARNING * * *
The endoplasm hits you.
You die...

# #.#.# #.### #
#.#..# #...#####
..##..######.....#
## .#
#.....######.# .#
. .....$.## #.# .#
........# #.# .#
........# #.## ..
.......>####..#
....
......J@...†..#
###.
......."####### #
..[..$..# ..
........# ###
........# #
..<.....# #
........# .
......... .


You could see an endoplasm.

Vanquished Creatures
  3 giant cockroaches
  A goblin (D:1)
  3 hobgoblins
  A quokka (D:1)
  A ball python (D:1)
  A bat (D:1)
  A frilled lizard (D:1)
  A kobold (D:1)
  3 rats
15 creatures vanquished.

Notes
Turn   | Place    | Note
-------+----------+-------------------------------------------
     0 | D:1      | arglypuff the Djinni Hedge Wizard began the quest for the
                  | Orb.
     0 | D:1      | arglypuff set off with the following spells memorised:
                  | Magic Dart, Slow, Blink, Call Imp, Mephitic Cloud.
     0 | D:1      | Reached XP level 1. HP: 15/15 MP: 0/0
   434 | D:1      | Reached XP level 2. HP: 18/21 MP: 0/0
   593 | D:1      | Found a faded altar of an unknown god.
   923 | D:2      | Slain by an endoplasm

Illustrated notes

Levels and vault maps discovered:
D:1:      dpeg_arrival_shelter, layout_loops_ring,
          dreamdust_ecumenical_altar_angels_and_demons
D:2:      layout_rooms, uniq_robin

Skill      XL: |  1  2 |
---------------+-------+-----
Stealth        | 2 |  2.1
Dodging        | |  2.8
Spellcasting   | |  2.9
Conjurations   | |  2.9
Hexes          | |  2.9
Summonings     | |  2.9
Necromancy     | |  2.9
Translocations | |  2.9
Transmutations | |  2.9
Fire Magic     | |  2.9
Ice Magic      | |  2.9
Air Magic      | |  2.9
Earth Magic    | |  2.9
Poison Magic   | |  2.9

Action                     || total
---------------------------++-------
   Cast: Magic Dart        ||    53
 Armour: Robe              ||     9
  Dodge: Dodged            ||    15

Table legend: (Time is in decaauts)
 A = Elapsed time spent in this place.
 B = Non-inter-level travel time spent in this place.
 C = Inter-level travel time spent in this place.
 D = Time resting spent in this place.
 E = Time spent auto-exploring this place.
 F = Levels seen in this place.
 G = Mean time per level.
                   A        B        C        D        E       F      G
               +--------+--------+--------+--------+--------+-----+--------+
         Total |    922 |    906 |     16 |      0 |    817 |   2 |  461.0 |
       Dungeon |    922 |    906 |     16 |      0 |    817 |   2 |  461.0 |
               +--------+--------+--------+--------+--------+-----+--------+

Top non-repeatable levels by time:
     D:1: 746 daAuts
     D:2: 176 daAuts
